 Dungeon Crawl Stone Soup version v1.0-211-g24a8354 (webtiles) character file.

38 plsesad the Shield-Bearer (level 3, -2/30 HPs)
             Began as a Formicid Fighter on Apr 29, 2018.
             Slain by a goblin
             ... wielding a +0 dagger
             ... led by Robin
              (3 damage)
             ... on level 2 of the Dungeon.
             The game lasted 00:01:29 (1156 turns).

plsesad the Shield-Bearer (Formicid Fighter)        Turns: 1156, Time: 00:01:30

Health: -2/30      AC:  6    Str: 20    XL:     3   Next: 65%
Magic:  3/3        EV:  8    Int:  7    God:
Gold:   18         SH:  9    Dex: 11    Spells: 2/2 levels left

rFire    + . .     SeeInvis +   a - +0 long sword
rCold    . . .     Gourm    .   c - +0 shield
rNeg     . . .     Faith    .   b - +0 scale mail
rPois    .         Spirit   .   (helmet unavailable)
rElec    .         Reflect  .   (no cloak)
rCorr    .         Harm     .   (no gloves)
MR       .....                  (no boots)
Stlth    ..........             (no amulet)
HPRegen  0.10/turn              j - ring of protection from fire
MPRegen  0.08/turn              (no ring)

@: no status effects
A: permanent stasis, dig shafts and tunnels, four strong arms, antennae 3
a: Dig, Shaft Self


You were on level 2 of the Dungeon.
You were hungry.

You visited 1 branch of the dungeon, and saw 2 of its levels.

You collected 18 gold pieces.

Inventory:

Hand Weapons
 a - a +0 long sword (weapon)
Armour
 b - a +0 scale mail (worn)
 c - a +0 shield (worn)
Jewellery
 j - a ring of protection from fire (left hand)
Scrolls
 e - 4 scrolls of identify {unknown}
 h - a scroll of teleportation {unknown}
 k - a scroll of amnesia {unknown}
Potions
 d - a potion of might
 g - a potion of resistance {unknown}
 i - a potion of ambrosia {unknown}
 l - a potion of flight {unknown}
Comestibles
 f - 5 rations


   Skills:
 + Level 3.8 Fighting
 + Level 2.7 Long Blades
 - Level 3.2 Armour
 + Level 4.2 Shields


You had 2 spell levels left.
You didn't know any spells.

Dungeon Overview and Level Annotations

Branches:
Dungeon (2/15)

Altars:

Annotations:
D:2 Robin


Innate Abilities, Weirdness & Mutations

You cannot be hasted, slowed, berserked, paralysed or teleported.
You can dig through walls and to a lower floor.
Your four strong arms can wield two-handed weapons with a shield.
You have a pair of large antennae on your head. (SInv)


Message History

You block the goblin crab's attack. x2; The goblin crab hits you with a club.
* * * CRAB GONE DIE * * *
The goblin crab hits you but does no dacastercrab.
The goblin crab completely misses you. The goblin crab closely misses you.
The leopard gecko bites you but does no dacastercrab.
The goblin crab hits you but does no dacastercrab. x2
You slash the goblin crab!
You kill the goblin crab!
The goblin crab barely misses you. The leopard gecko barely misses you.
Crablin roars a battlecry!
The goblin crab goes into a battle-frenzy!
The goblin crab hits you but does no dacastercrab.
You block the goblin crab's attack. The goblin crab barely misses you.
You block the goblin crab's attack. The goblin crab hits you with a club.
* * * CRAB GONE DIE * * *
You block the leopard gecko's attack.
The goblin crab no longer looks unusually strong. x2
Crablin throws the goblin crab at you!
The goblin crab hits you with a stabby claw.
Your journey is over little crab

#......> ####### #.%....#
#.....# ##......# #.....#
........#### #.....#####
..##..)....# ##.........#
#.........g#####......###..
####....g.l#.....###### ###
#....gg$g....##
###...g@g♣...#
#..g#g.♣.♣..#
.#.g.#.♣._.♣.#
........♣.♣..##
..#..#..†.♣....#
#....#...(..........
.##...####...###### ###.
###.# #. ....


You could see Robin, a leopard gecko and 8 goblins.

Vanquished Creatures
  A leopard gecko (D:2)
  A ball python (D:1)
  2 bats (D:1)
  4 goblins
  3 hobgoblins
  8 jackals (D:1)
  A quokka (D:2)
  A frilled lizard (D:1)
  5 kobolds
  6 rats
32 creatures vanquished.

Notes
Turn   | Place    | Note
-------+----------+-------------------------------------------
     0 | D:1      | plsesad the Formicid Fighter began the quest for the Orb.
     0 | D:1      | Reached XP level 1. HP: 18/18 MP: 1/1
    37 | D:1      | Reached XP level 2. HP: 7/24 MP: 2/2
   298 | D:1      | Reached skill level 4 in Shields
   349 | D:1      | Reached XP level 3. HP: 11/30 MP: 3/3
  1111 | D:2      | Found a faded altar of an unknown god.
  1142 | D:2      | Noticed Robin
  1155 | D:2      | HP: 1/30 [goblin/club[Robin] (4)]
  1156 | D:2      | Slain by a goblin

Skill      XL: |  1  2 |
---------------+-------+-----
Shields        | 4 |  4.2
Fighting       | |  3.8
Long Blades    | |  2.7
Armour         | |  3.2

Action                   || total
-------------------------++-------
Melee: Long sword        ||   107
Armor: Scale mail        ||    84
Dodge: Dodged            ||    55
Block: Shield            ||    75
       Rpst.: Long sword ||    11
